AoeStats
← sleepy

Fortress

507628754Analyzed
4v4 RM · 13d ago on Sep 19, 2026· 45m 41s· 8 players
Game mode
Random Map
Map size
Huge
Population
200
Speed
Normal
Resources
Standard
Victory
Conquest
Starting age
Dark Age
Ending age
Imperial Age
RankedLock teamsTeams togetherTeam positionsShared explorationLock speedFull tech treeHidden civsTurbo modeCheats
Victory
Defeat
🇵🇪 Sicilians · Peru
1177
+11
🇨🇳 Spanish · China
1154
+12
🇭🇰 Saracens · Hong Kong SAR China
1103
+14
🇨🇳 Britons · China
1093
+15
🇺🇸 Tatars · United States
1101
-14
🇨🇦 Mongols · Canada
1098
-14
🇺🇸 Teutons · United States
1060
-13
🇺🇸 Magyars · United States
1006
-11
Doodo
7:33 Feudal Age
11:41 Castle Age
10:55 Double-Bit Axe
11:32 Loom
11:34 Horse Collar
15:30 Bow Saw
15:45 Gold Mining
16:32 Heavy Plow
16:30 Stone Mining
25:55 Imperial Age
24:02 Pikeman
29:01 Conscription
28:44 Scale Mail Armor
31:17 Chain Mail Armor
31:12 Forging
32:01 Gold Shaft Mining
32:04 Wheelbarrow
31:45 Town Watch
31:23 Halberdier
33:48 Plate Mail Armor
33:53 Iron Casting
34:30 Iron Casting
35:33 Caravan
37:01 Warwolf
40:09 Blast Furnace
41:29 Two-Man Saw
41:04 Fletching
41:53 Arson
42:12 Squires
42:53 Elite Longbowman
Inka_Roca
7:35 Feudal Age
9:21 Wheelbarrow
12:43 Castle Age
10:54 Double-Bit Axe
15:02 Bow Saw
17:49 Hand Cart
25:16 Loom
29:50 Imperial Age
27:07 Horse Collar
27:27 Gold Mining
28:13 Heavy Plow
28:30 Husbandry
28:42 Bloodlines
29:12 Scale Barding Armor
30:40 Chain Barding Armor
30:26 Town Watch
31:29 Crop Rotation
32:01 Gold Shaft Mining
30:54 Cavalier
32:37 Plate Barding Armor
33:57 Hauberk
34:11 Forging
34:24 Town Patrol
35:34 Iron Casting
35:21 Caravan
37:16 Blast Furnace
44:19 Elite Skirmisher
44:54 Fletching
45:05 Padded Archer Armor
放羊老汉
7:16 Feudal Age
7:44 Double-Bit Axe
7:39 Horse Collar
7:51 Loom
14:34 Castle Age
15:20 Heavy Plow
15:32 Bow Saw
22:45 Caravan
26:42 Imperial Age
24:00 Town Watch
24:50 Wheelbarrow
25:52 Town Patrol
26:28 Wheelbarrow
27:05 Gold Mining
27:06 Stone Mining
27:34 Forging
27:29 Scale Barding Armor
28:36 Two-Man Saw
28:34 Gold Shaft Mining
29:54 Chain Barding Armor
30:09 Iron Casting
29:54 Hand Cart
29:39 Elite Mameluke
30:40 Conscription
32:26 Plate Barding Armor
32:53 Blast Furnace
31:44 Fletching
31:54 Padded Archer Armor
35:52 Chemistry
36:17 Parthian Tactics
35:57 Thumb Ring
Otto der Große
8:24 Feudal Age
9:28 Double-Bit Axe
11:59 Castle Age
10:23 Horse Collar
13:50 Bow Saw
15:17 Wheelbarrow
15:37 Heavy Plow
20:19 Hand Cart
19:52 Loom
26:16 Imperial Age
24:10 Gold Mining
26:04 Husbandry
26:14 Bloodlines
26:32 Forging
26:24 Cavalier
28:26 Scale Barding Armor
28:57 Iron Casting
28:47 Guilds
28:55 Paladin
30:26 Stone Mining
32:59 Light Cavalry
33:56 Hussar
37:16 Caravan
40:49 Chain Barding Armor
41:29 Blast Furnace
45:36 Plate Barding Armor
sleepy
8:08 Feudal Age
8:44 Double-Bit Axe
13:13 Castle Age
11:04 Horse Collar
12:13 Loom
13:05 Gold Mining
13:52 Forging
14:35 Bow Saw
14:39 Heavy Plow
15:22 Stone Mining
21:00 Scale Barding Armor
21:52 Bloodlines
23:00 Stone Shaft Mining
26:54 Iron Casting
29:57 Imperial Age
29:08 Chain Barding Armor
28:39 Fletching
30:51 Ballistics
31:19 Wheelbarrow
31:17 Crop Rotation
31:52 Two-Man Saw
30:24 Cavalier
33:24 Conscription
36:10 Blast Furnace
35:46 Plate Barding Armor
37:16 Paladin
40:08 Bodkin Arrow
yarnmuon
8:26 Feudal Age
9:48 Loom
10:03 Double-Bit Axe
12:25 Castle Age
11:29 Horse Collar
11:41 Gold Mining
13:33 Bow Saw
14:26 Heavy Plow
25:08 Fletching
25:19 Padded Archer Armor
28:17 Imperial Age
26:20 Bodkin Arrow
27:08 Leather Archer Armor
29:10 Bloodlines
29:16 Husbandry
29:20 Capped Ram
30:12 Bracer
30:51 Ballistics
31:32 Chemistry
31:10 Ring Archer Armor
30:41 Heavy Cavalry Archer
32:28 Masonry
35:57 Conscription
39:58 Silk Armor
40:48 Caravan
42:13 Stone Mining
43:05 Wheelbarrow
44:55 Pikeman
45:36 Scale Mail Armor
45:47 Forging
grumpy
5:37 Loom
8:07 Feudal Age
13:58 Castle Age
11:52 Double-Bit Axe
13:07 Horse Collar
14:07 Gold Mining
16:02 Bow Saw
16:16 Scale Barding Armor
16:21 Heavy Plow
18:57 Chain Barding Armor
19:39 Bloodlines
24:56 Stone Mining
28:20 Wheelbarrow
27:32 Town Watch
27:50 Corvinian Army
27:44 Fletching
30:34 Bodkin Arrow
31:36 Hand Cart
32:45 Gold Shaft Mining
32:36 Husbandry
37:33 Imperial Age
41:15 Conscription
42:05 Hoardings
41:34 Elite Magyar Huszar
43:29 Plate Barding Armor
45:00 Cavalier
dteeuwsen17
5:31 Feudal Age
12:17 Castle Age
10:46 Double-Bit Axe
11:30 Horse Collar
12:04 Bloodlines
11:46 Fletching
12:36 Padded Archer Armor
16:53 Loom
16:56 Town Watch
19:33 Heavy Plow
19:46 Bow Saw
22:40 Wheelbarrow
23:38 Gold Mining
25:34 Hand Cart
29:10 Imperial Age
27:33 Stone Mining
29:14 Gold Shaft Mining
29:54 Stone Shaft Mining
29:28 Bodkin Arrow
29:51 Leather Archer Armor
30:27 Conscription
30:15 Husbandry
30:18 Bracer
30:53 Parthian Tactics
31:51 Thumb Ring
31:13 Elite Mangudai
32:57 Ballistics
33:41 Chemistry
33:18 Forging
33:13 Scale Barding Armor
33:41 Capped Ram
34:48 Drill
38:59 Light Cavalry
40:00 Chain Barding Armor
40:16 Iron Casting
45:26 Blast Furnace
44:45 Siege Ram
Connection lost

Rejoining the realm…

Still unreachable

The connection could not be restored.

Session expired

The server has moved on; the page needs a fresh start.